 Dungeon Crawl Stone Soup version 0.20.0-14-g326068f (webtiles) character file.

21 Reinor the Ducker (level 2, 0/13 HPs)
             Began as a Spriggan Earth Elementalist on June 7, 2017.
             Slain by a goblin
             ... wielding a +0 dagger
              (5 damage)
             ... on level 1 of the Dungeon.
             The game lasted 00:02:03 (621 turns).

Reinor the Ducker (Spriggan Earth Elementalist)      Turns: 621, Time: 00:02:04

Health: 0/13       AC:  2    Str:  4    XL:     2   Next: 62%
Magic:  7/7        EV: 19    Int: 16    God:
Gold:   39         SH:  0    Dex: 16    Spells: 6/7 levels left

rFire    . . .     SeeInvis +   i - +0 short sword
rCold    . . .     Gourm    .   (shield restricted)
rNeg     . . .     Faith    .   c - +0 robe
rPois    .         Spirit   .   (helmet restricted)
rElec    .         Reflect  .   (no cloak)
rCorr    .         Harm     .   (gloves unavailable)
MR       .....                  (boots unavailable)
Stlth    ++........             (no amulet)
Regen    0.1/turn               (no ring)
MPRegen  0.1/turn               (no ring)

@: very quick
A: unfitting armour, see invisible, herbivore 3, speed 3, slow metabolism 2
a: no special abilities


You were on level 1 of the Dungeon.
You were not hungry.

You visited 1 branch of the dungeon, and saw 1 of its levels.

You collected 39 gold pieces.

Inventory:

Hand Weapons
 i - a +0 short sword (weapon)
Missiles
 b - 63 stones (quivered)
Armour
 c - a +0 robe (worn)
Scrolls
 a - a scroll of teleportation {unknown}
 g - a scroll of amnesia {unknown}
 h - a scroll of identify {unknown}
 l - a scroll of fog {unknown}
Potions
 f - 2 potions of berserk rage {unknown}
 k - a potion of curing {unknown}
Books
 e - a book of Geomancy

   Spells                             Type                      Level
   a - Sandblast                      Earth                        1
   b - Passwall                       Transmutation/Earth          2
   c - Stone Arrow                    Conjuration/Earth            3
   d - Petrify                        Transmutation/Earth          4
   e - Lee's Rapid Deconstruction     Earth                        5
Comestibles
 d - a bread ration
 j - 4 fruits


   Skills:
 + Level 3.9 Dodging
 - Level 3.0 Stealth
 + Level 3.1 Spellcasting
   Level 1.3 Transmutations
 + Level 2.9 Earth Magic


You had 6 spell levels left.
You knew the following spells:

 Your Spells              Type           Power        Failure   Level  Hunger
a - Sandblast             Erth           ##....       5%          1    None


Dungeon Overview and Level Annotations

Branches:
Dungeon (1/15)

Altars:


Innate Abilities, Weirdness & Mutations

You are very small and have problems with some larger weapons.
You are too small for most types of armour.
You have supernaturally acute eyesight. (SInv)
You are a herbivore.
You cover ground extremely quickly.
You need consume almost no food.


Message History

2 goblins come into view.
The goblin shouts!
The frilled lizard hisses angrily.
The goblin shouts!
You barely miss the goblin. The goblin closely misses you.
You hit the goblin.
The goblin is severely wounded.
The goblin hits you with a dagger.
You hit the goblin but do no damage.
The goblin is severely wounded.
The goblin hits you with a dagger. The goblin completely misses you.
You barely miss the goblin.
The goblin is severely wounded.
The goblin hits you with a dagger.
You hit the goblin but do no damage.
The goblin is severely wounded.
The goblin closely misses you.
You completely miss the goblin.
The goblin is severely wounded.
The goblin hits you with a dagger.
You die...

... ..# ...# #..#
#.#### ###...#
#..... #l..#
#..##† #g# #. ##
#g# #.. # #@###.
... #..##.# .. #
##.##.. .. #
#.#...###. #
#.#.#.#.. #
#.#.#...#########
#.#.##..)..##....
#.#.#..###.......
#.#.#)## ###.....


You could see 2 goblins and a frilled lizard.

Vanquished Creatures
  A dart slug (D:1)
  A leopard gecko (D:1)
  A giant cockroach (D:1)
  A goblin (D:1)
  4 hobgoblins (D:1)
  A jackal (D:1)
  2 bats (D:1)
  3 frilled lizards (D:1)
  2 kobolds (D:1)
  A rat (D:1)
17 creatures vanquished.

Notes
Turn   | Place    | Note
-------+----------+-------------------------------------------
     0 | D:1      | Reinor the Spriggan Earth Elementalist began the quest for the Orb.
     0 | D:1      | Reached XP level 1. HP: 9/9 MP: 5/5
   256 | D:1      | Reached XP level 2. HP: 5/13 MP: 0/7
   621 | D:1      | Slain by a goblin

Skill      XL: |  1 |
---------------+----+-----
Spellcasting   | 3 |  3.1
Dodging        | |  3.9
Stealth        | |  3.0
Transmutations | |  1.3
Earth Magic    | |  2.9

Action                   || total
-------------------------++-------
Melee: Unarmed           ||    27
       Short sword       ||    40
 Cast: Sandblast         ||    11
 Stab: Distracted        ||     1
       Sleeping          ||     1
Armor: Robe              ||     2
Dodge: Dodged            ||    63
